 Dungeon Crawl Stone Soup version 0.29.0-11-gd7f09526c8 (webtiles) character file.

Game seed: 5275788368773256530

62816 enile the Cardsharp (level 15, -3/108 HPs)
             Began as an Octopode Fire Elementalist on Sept 3, 2022.
             Was a High Priest of Nemelex Xobeh.
             Killed by divine providence
             ... invoked by a meliai
              (15 damage)
             ... on level 5 of the Lair of Beasts.
             The game lasted 00:51:30 (19385 turns).

enile the Cardsharp (Octopode Fire Elementalist)   Turns: 19385, Time: 00:51:31

Health: -3/108     AC:  5    Str:  7    XL:     15   Next: 7%
Magic:  6/36       EV: 20    Int: 24    God:    Nemelex Xobeh [*****.]
Gold:   1227       SH:  5    Dex: 14    Spells: 8/30 levels left

rFire   + . .      SeeInvis .   f - +2 demon blade (freeze)
rCold   + + .      Faith    .   F - +0 buckler
rNeg    . . .      Spirit   .   S - +0 hat "Zuaso" {Fly rPois}
rPois   +          Reflect  .   c - amulet of regeneration
rElec   .          Harm     .   i - +4 ring of evasion
rCorr   .          Rampage  .   u - ring of protection from fire
Will    ++...                   G - +4 ring of slaying
Stlth   ++++......              O - ring of protection from cold
HPRegen 1.08/turn               T - +4 ring of protection
MPRegen 0.25/turn               V - ring of magical power
                                P - ring of protection from cold
                                I - ring of willpower

@: about to teleport, flying, studying Necromancy
A: almost no armour, amphibious, 8 rings, camouflage 1, gelatinous body 1,
(nimble swimmer 1), tentacles
a: Renounce Religion, Draw Escape, Draw Destruction, Draw Summoning, Triple
Draw, Deal Four, Stack Five


You were on level 5 of the Lair of Beasts.
You worshipped Nemelex Xobeh.
Nemelex Xobeh was extremely pleased with you.
You visited 2 branches of the dungeon, and saw 18 of its levels.
You also visited: Ossuary and Ice Cave.

You collected 1227 gold pieces.

Inventory:

Hand Weapons
 f - a +2 demon blade of freezing (weapon)
 C - a +3 vampiric scimitar
 R - a +2 dagger of venom
Armour
 r - a +0 kite shield
 F - a +0 buckler (worn)
 S - the +0 hat "Zuaso" (worn) {Fly rPois}
   (You found it on level 9 of the Dungeon)

   rPois:     It protects you from poison.
   Fly:       It grants you flight.
Jewellery
 c - an amulet of regeneration (around mantle)
 i - a +4 ring of evasion (left tentacle)
 u - a ring of protection from fire (right tentacle)
 x - a ring of ice
 y - an amulet of reflection
 G - a +4 ring of slaying (on tentacle)
 I - a ring of willpower (on tentacle)
 O - a ring of protection from cold (on tentacle)
 P - a ring of protection from cold (on tentacle)
 T - a +4 ring of protection (on tentacle)
 V - a ring of magical power (on tentacle)
 X - an amulet of guardian spirit
Wands
 q - a wand of flame (49) (quivered)
 B - a wand of mindburst (17)
 J - a wand of digging (3)
 N - a wand of iceblast (6)
 Y - a wand of paralysis (19)
Scrolls
 e - 9 scrolls of teleportation
 g - 4 scrolls of enchant armour
 h - a scroll of brand weapon
 k - a scroll of poison
 m - a scroll of immolation
 o - a scroll of enchant weapon
 p - 2 scrolls of vulnerability
 s - a scroll of butterflies
 w - 2 scrolls of silence
 D - 3 scrolls of magic mapping
 K - 5 scrolls of amnesia
 Q - 2 scrolls of torment
Potions
 a - 4 potions of degeneration
 b - 7 potions of lignification
 d - 5 potions of berserk rage
 l - 9 potions of curing
 n - 6 potions of brilliance
 t - 5 potions of heal wounds
 v - 2 potions of flight
 z - 4 potions of haste
 A - 3 potions of attraction {unknown}
 E - 2 potions of invisibility {unknown}
 H - 5 potions of mutation {unknown}
 L - a potion of might {unknown}
 M - a potion of magic
 U - 2 potions of cancellation {unknown}
 W - a potion of resistance {unknown}
Miscellaneous
 j - a phial of floods
 Z - a phantom mirror


   Skills:
 - Level 12.0 Fighting
 - Level 6.0(7.5) Short Blades
 - Level 6.9(8.0) Long Blades
 - Level 8.0 Dodging
 - Level 7.0 Stealth
 - Level 6.0 Shields
 - Level 8.0 Spellcasting
 - Level 2.0 Conjurations
 - Level 2.0 Hexes
 - Level 0.8 Necromancy
 + Level 3.0 Translocations
 - Level 7.0 Fire Magic
 - Level 3.0 Air Magic
 - Level 3.0 Poison Magic
 - Level 13.3 Invocations
 - Level 9.0 Evocations


You had 8 spell levels left.
You knew the following spells:

 Your Spells              Type           Power      Damage    Failure   Level
a - Flame Wave            Conj/Fire      31%        2d9       13%         4
b - Scorch                Fire           86%        2d9       1%          2
c - Inner Flame           Hex/Fire       31%        N/A       3%          3
d - Mephitic Cloud        Conj/Pois/Air  22%        N/A       9%          3
e - Passwall              Tmut/Erth      7%         N/A       12%         2
f - Swiftness             Air            24%        N/A       7%          3
g - Foxfire               Conj/Fire      100%       2x1d9     1%          1
h - Call Imp              Summ           9%         N/A       12%         2
i - Blink                 Tloc           48%        N/A       3%          2

Your spell library contained the following spells:

 Spells                   Type           Power      Damage    Failure   Level
 Magic Dart               Conj           76%        1d6       3%          1
 Conjure Flame            Conj/Fire      31%        6-21      3%          3
 Static Discharge         Conj/Air       21%        3-6/arc   4%          2
 Ignite Poison            Fire/Tmut/Pois 25%        N/A       6%          3
 Lesser Beckoning         Tloc           24%        N/A       7%          3
 Ensorcelled Hibernation  Hex/Ice        28%        N/A       9%          2
 Dazzling Flash           Conj/Hex       38%        N/A       11%         3
 Tukima's Dance           Hex            19%        N/A       11%         3
 Spider Form              Tmut/Pois      16%        N/A       13%         3
 Sticky Flame             Conj/Fire      31%        2d5       13%         4
 Airstrike                Air            12%        2d(2-18)  24%         4
 Passage of Golubria      Tloc           24%        N/A       24%         4
 Iskenderun's Mystic Bla  Conj/Tloc      21%        2d6       28%         4
 Anguish                  Hex/Necr       8%         N/A       41%         4
 Summon Lightning Spire   Summ/Air       16%        N/A       41%         4
 Manifold Assault         Tloc           24%        N/A       54%         5
 Lightning Bolt           Conj/Air       10%        1d23      63%         5
 Silence                  Hex/Air        10%        N/A       63%         5
 Freezing Cloud           Conj/Ice/Air   8%         6-21      75%         5
 Summon Forest            Summ/Tloc      8%         N/A       77%         5
 Yara's Violent Unravell  Hex/Tmut       7%         3d5       83%         5
 Agony                    Necr           13%        N/A       85%         5
 Simulacrum               Ice/Necr       5%         N/A       100%        6
 Haunt                    Necr/Summ      5%         N/A       100%        7
 Disjunction              Tloc           12%        N/A       100%        8
 Polar Vortex             Ice            4%         N/A       100%        9


Dungeon Overview and Level Annotations

Branches:
Dungeon (13/15)            Temple (0/1) D:5            Lair (5/5) D:11
  Swamp (0/4) Lair:2        Snake (0/4) Lair:2        Slime (0/5) Lair:5
    Orc (0/2) D:12        Ossuary (visited)           IceCv (visited)
 Vaults: D:13-14

Altars:
Ashenzari
Cheibriados
Dithmenos
Elyvilon
Fedhas
Gozag
Kikubaaqudgha
Makhleb
Nemelex Xobeh
Ru
Uskayaw
Vehumet
Xom
Yredelemnul

Annotations:
D:2 Terence
D:6 exclusion: ice beast


Innate Abilities, Weirdness & Mutations

You cannot wear most types of armour.
You are amphibious.
You can wear up to eight rings at the same time.
Your skin changes colour to match your surroundings (Stealth+).
Your rubbery body absorbs attacks. (AC +1, EV +1)
((You are camouflaged when in or above water. (Stealth+)))
You have tentacles for arms and can constrict up to eight enemies at once.


Message History

The bolt of acid hits the meliai!!
The meliai is almost dead.
You deal a card...
You have dealt the Storm.
A fierce wind blows from the card.
The meliai is blown away by the wind.
The electrical discharge engulfs the vampire mosquito!
The vampire mosquito is heavily damaged.
You hear an angry growl.
The electrical discharge engulfs the blink frog!
You kill the blink frog!
You hear mighty peals of thunder!
You deal a card...
You have dealt the Storm.
A fierce wind blows from the card.
The meliai and the polar bear are blown away by the wind.
You hear mighty peals of thunder!
You hear an angry growl.
You hear an angry hiss. x2
You hear an angry buzzing noise.
An elephant comes into view.
A polar bear comes into view.
The meliai calls down the wrath of its god upon you.
Something smites you!
Your Translocations skill increases to level 3!
The ice encasing you melts away.
The meliai mumbles some strange prayers to its god against you.
Something smites you!
The meliai mumbles some strange prayers to its god against you.
Something smites you!
* * * LOW HITPOINT WARNING * * *
The meliai invokes the aid of its god against you.
Something smites you!
* * * LOW HITPOINT WARNING * * *
You hear an angry growl.
Okay, then.
That's the wrong kind of item! (Use * to select it.) Evoke which item? (* to show all) (? for menu, Esc to quit)
Okay, then.
Okay, then.
As you read the scroll of teleportation, it crumbles to dust.
You feel strangely unstable. The vampire mosquito barely misses you.
The meliai mumbles some strange prayers to its god against you.
Something smites you!
You die...
Your body glows with a rainbow of weird colours and disappears.

##.## ...## #.#######
...#.. #...##..## ......
##.......##### ......
##..........##.###......
#P...........##..........
###......................
#P...........<.........<
##...........@.†........
#####.......y..........
##......h..##.†..#
#......F†..†..F.#
###.....†.††....#
###...>......##
#...Y..y....#
##....h.....#
###...!....#


You could see an elephant, 2 polar bears, 2 cane toads, a vampire mosquito and a
meliai.

Vanquished Creatures
  10 hydras
  4 two-headed ogres
  A skeletal warrior (D:13)
  A necromancer (IceCv)
  3 deep elf pyromancers
  4 cyclopes
  An ugly thing (IceCv)
  A manticore (D:12)
  11 elephants
  2 centaur zombies (D:13)
  An ice statue (IceCv)
  5 black mambas
  14 cane toads
  5 rime drakes
  5 freezing wraiths (IceCv)
  10 ice devils (IceCv)
  2 unseen horrors
  8 komodo dragons
  4 kobold demonologists
  2 anaconda simulacra (IceCv)
  3 polar bears
  A meliai (Lair:5)
  3 trolls
  A tarantella (Lair:5)
  A wind drake (D:9)
  15 blink frogs
  10 dream sheep
  2 shadows
  A wraith (D:12)
  A meliai zombie (D:13)
  5 spriggans (Lair:1)
  31 yaks
  2 vampires
  2 water elementals
  3 wyverns
  A vampire mosquito (Lair:5)
  A golden eye (Lair:1)
  A basilisk (Lair:2)
  A steam dragon (D:7)
  3 death yak simulacra (IceCv)
  2 swamp worms (Lair:2)
  3 acid dragons
  2 nagas (Lair:2)
  4 hydra simulacra (IceCv)
  11 water moccasins
  A swamp drake (D:9)
  2 orc warriors
  3 black bears
  3 ice beasts
  14 wolves
  4 boggarts (Lair:3)
  4 centaurs
  3 ogres
  A phantom (D:4)
  2 kobold brigands
  2 necrophages (D:6)
  16 bullfrogs
  3 two-headed ogre simulacra (IceCv)
  5 cane toad simulacra (IceCv)
  7 wights
  2 scorpions
  6 elephant simulacra
  2 killer bees (D:8)
  17 electric eels
  2 howler monkeys
  A crimson imp (D:9)
  2 hounds (D:7)
  4 orc priests
  An iron imp (D:9)
  An iguana (D:5)
  17 orc wizards
  6 hell rats (Lair:2)
  2 polar bear simulacra (IceCv)
  A troll simulacrum (IceCv)
  A spriggan simulacrum (IceCv)
  4 wolf simulacra (IceCv)
  8 mummies (Ossuary)
  5 adders
  2 shadow imps
  2 white imps
  2 worms
  5 dart slugs
  38 orcs
  8 endoplasms
  4 giant cockroaches
  2 gnoll zombies (Ossuary)
  9 goblins
  7 hobgoblins
  4 jackals (D:3)
  5 quokkas
  7 ball pythons
  5 bats
  2 frilled lizards
  12 kobolds
  3 kobold zombies (Ossuary)
  3 orc zombies (Ossuary)
  4 rats
  A fungus (Lair:1)
481 creatures vanquished.

Vanquished Creatures (collateral kills)
  A hydra (Lair:3)
  A centaur warrior (D:13)
  A wolf spider zombie (D:13)
  A manticore (D:13)
  2 cyclopes (D:13)
  A centaur zombie (D:13)
  4 cane toads
  An ice devil (IceCv)
  A blink frog (Lair:5)
  3 dream sheep (Lair:4)
  A wyvern (Lair:2)
  A vampire mosquito (Lair:5)
  An acid dragon (D:13)
  A water moccasin (D:5)
  A phantom (D:5)
  3 bullfrogs
  2 wights (D:8)
  6 killer bees (D:8)
  2 howler monkeys (D:8)
  A hound (D:5)
  An orc wizard (D:5)
  A boggart zombie (D:13)
  2 polar bear simulacra (D:13)
  3 spriggan simulacra (D:13)
  2 wolf simulacra
  2 adders
  A naga simulacrum (D:13)
  3 orcs
  A foxfire (D:2)
51 creatures vanquished.

Vanquished Creatures (others)
  An orc (D:9)
  271 foxfires
  39 fungi
  161 plants
  2 withered plants (D:13)
474 creatures vanquished.

Grand Total: 1006 creatures vanquished

Notes
Turn   | Place    | Note
-------+----------+-------------------------------------------
     0 | D:1      | enile the Octopode Fire Elementalist began the quest for
                  | the Orb.
     0 | D:1      | Reached XP level 1. HP: 11/11 MP: 3/3
    94 | D:1      | Reached skill level 1 in Fighting
   314 | D:1      | Reached XP level 2. HP: 18/18 MP: 1/5
   402 | D:1      | Found a faded altar of an unknown god.
   481 | D:1      | Prayed at the altar of an unknown god.
   481 | D:1      | Became a worshipper of Nemelex Xobeh the Trickster
   481 | D:1      | Reached * piety under Nemelex Xobeh
   481 | D:1      | Received a gift from Nemelex Xobeh
  1154 | D:1      | Reached XP level 3. HP: 25/25 MP: 3/6
  1294 | D:1      | Learned a level 2 spell: Scorch
  1509 | D:2      | Received a gift from Nemelex Xobeh
  1696 | D:2      | Reached XP level 4. HP: 31/31 MP: 7/7
  1864 | D:2      | Reached ** piety under Nemelex Xobeh
  2231 | D:2      | Noticed Terence
  2246 | D:3      | Reached skill level 1 in Short Blades
  2284 | D:3      | Found an ancient bone altar of Kikubaaqudgha.
  2472 | D:3      | Found a radiant altar of Vehumet.
  2480 | D:3      | Learned a level 3 spell: Inner Flame
  2545 | D:3      | Reached XP level 5. HP: 36/36 MP: 2/8
  2934 | D:3      | Found a snail-covered altar of Cheibriados.
  3220 | D:4      | Found a blossoming altar of Fedhas.
  3333 | D:4      | Noticed a phantom
  3343 | D:4      | Killed a phantom
  3344 | D:4      | Reached XP level 6. HP: 37/42 MP: 9/11
  3770 | D:4      | Received a gift from Nemelex Xobeh
  3858 | D:5      | Entered Level 5 of the Dungeon
  3893 | D:5      | Reached skill level 1 in Invocations
  3895 | D:5      | Noticed a water moccasin
  3905 | D:5      | Reached skill level 2 in Invocations
  3905 | D:5      | Killed a water moccasin
  3906 | D:5      | Reached skill level 3 in Invocations
  3906 | D:5      | Reached XP level 7. HP: 44/46 MP: 13/13
  3913 | D:5      | Reached skill level 4 in Invocations
  3915 | D:5      | Found a staircase to the Ecumenical Temple.
  4032 | D:5      | Found an opulent altar of Gozag.
  4090 | D:5      | Reached skill level 5 in Fighting
  4111 | D:5      | Found a white marble altar of Elyvilon.
  4244 | D:5      | Reached *** piety under Nemelex Xobeh
  4277 | D:5      | Reached XP level 8. HP: 55/55 MP: 14/14
  4529 | D:5      | Reached skill level 5 in Invocations
  4950 | D:6      | Reached skill level 6 in Invocations
  5018 | D:6      | Found a shimmering altar of Xom.
  5303 | D:6      | Found a broken altar of Ashenzari.
  5971 | D:4      | Found a burning altar of Makhleb.
  5981 | D:4      | Received a gift from Nemelex Xobeh
  7001 | D:7      | Reached skill level 5 in Fire Magic
  7021 | D:7      | Reached skill level 5 in Stealth
  7021 | D:7      | Reached XP level 9. HP: 61/61 MP: 10/15
  7148 | D:7      | Reached skill level 1 in Hexes
  7288 | D:7      | Found a hide-covered altar of Uskayaw.
  7362 | D:7      | Found a shadowy altar of Dithmenos.
  7796 | D:7      | Received a gift from Nemelex Xobeh
  7839 | D:7      | Found a basalt altar of Yredelemnul.
  7925 | D:8      | Reached **** piety under Nemelex Xobeh
  7971 | D:8      | Identified the +2 dagger "Xiwior" {vorpal, Fragile rPois
                  | Dex+3 SInv}
  8070 | D:8      | Reached skill level 5 in Evocations
  8082 | D:8      | Reached skill level 7 in Invocations
  8082 | D:8      | Found a sand-covered staircase.
  8103 | Ossuary  | Entered an ossuary
  8166 | Ossuary  | Reached XP level 10. HP: 48/68 MP: 10/16
  8171 | Ossuary  | Reached skill level 8 in Invocations
  8281 | Ossuary  | Received a gift from Nemelex Xobeh
  8399 | Ossuary  | Identified a scroll of acquirement
  8417 | Ossuary  | Acquired a +4 ring of slaying
  8892 | D:9      | Reached skill level 5 in Spellcasting
  8979 | D:9      | Received a gift from Nemelex Xobeh
  9024 | D:9      | Noticed a two-headed ogre
  9118 | D:9      | a two-headed ogre changed into a wind drake
  9348 | D:9      | Noticed a kobold demonologist
  9361 | D:9      | Killed a kobold demonologist
  9648 | D:9      | Reached skill level 5 in Short Blades
  9648 | D:9      | Noticed a deep elf pyromancer
  9651 | D:9      | Killed a deep elf pyromancer
  9652 | D:9      | Identified the +0 hat of Hiag Ifu {rPois}
  9652 | D:9      | Identified the +0 hat "Zuaso" {Fly rPois}
  9668 | D:9      | Noticed a deep elf pyromancer
  9671 | D:9      | Killed a deep elf pyromancer
  9672 | D:9      | Reached skill level 5 in Dodging
  9776 | D:10     | Entered Level 10 of the Dungeon
  9834 | D:10     | Received a gift from Nemelex Xobeh
  9878 | D:10     | Learned a level 3 spell: Mephitic Cloud
 10117 | D:10     | Found a sparkling altar of Nemelex Xobeh.
 10119 | D:10     | Noticed a kobold demonologist
 10132 | D:10     | Killed a kobold demonologist
 10142 | D:10     | Reached skill level 1 in Poison Magic
 10170 | D:10     | Found a sacrificial altar of Ru.
 10360 | D:10     | Got Yffagaiz's Omnibus of Confrontation
 10380 | D:10     | Noticed an unseen horror
 10395 | D:10     | Killed an unseen horror
 10396 | D:10     | Reached XP level 11. HP: 65/72 MP: 18/21
 10603 | D:11     | Noticed a cyclops
 10618 | D:11     | Killed a cyclops
 10871 | D:11     | Reached ***** piety under Nemelex Xobeh
 10880 | D:11     | Got the Precepts of Companions and Orientation
 10925 | D:11     | Learned a level 2 spell: Passwall
 11119 | D:11     | Noticed a two-headed ogre
 11129 | D:11     | Killed a two-headed ogre
 11212 | D:11     | Noticed a two-headed ogre
 11225 | D:11     | Killed a two-headed ogre
 11298 | D:11     | Found a staircase to the Lair.
 11335 | D:11     | Received a gift from Nemelex Xobeh
 11423 | D:11     | Identified the +4 shortbow of Anger {flame, +Blink rElec
                  | Int+4 Dex+3}
 11783 | D:12     | Noticed a deep elf pyromancer
 11804 | D:12     | Killed a deep elf pyromancer
 11824 | D:12     | Found a staircase to the Orcish Mines.
 11849 | D:12     | Noticed a cyclops
 11897 | D:12     | Killed a cyclops
 11962 | D:12     | Noticed a manticore
 11970 | D:12     | Killed a manticore
 12030 | D:12     | Identified the +1 robe "Nuchask" {Dex+6}
 12118 | D:12     | Reached XP level 12. HP: 56/82 MP: 18/23
 12179 | D:12     | Noticed a soul eater
 12553 | D:12     | Noticed a two-headed ogre
 12562 | D:12     | Killed a two-headed ogre
 12563 | D:12     | Reached skill level 9 in Invocations
 12655 | D:12     | Noticed a two-headed ogre
 12660 | D:12     | Killed a two-headed ogre
 12844 | D:12     | Learned a level 3 spell: Swiftness
 12904 | D:13     | Identified the +5 demon trident "Casmus" {drain, rElec
                  | rPois}
 12907 | D:13     | Reached skill level 10 in Invocations
 12950 | D:13     | Found a frozen archway.
 12960 | D:13     | Received a gift from Nemelex Xobeh
 12963 | D:13     | Noticed a centaur warrior
 12966 | D:13     | Killed a centaur warrior
 12978 | IceCv    | Entered an ice cave
 13146 | IceCv    | Learned a level 4 spell: Flame Wave
 13157 | IceCv    | Reached skill level 10 in Fighting
 13328 | IceCv    | Found an ancient bone altar of Kikubaaqudgha.
 13333 | IceCv    | Reached XP level 13. HP: 92/92 MP: 25/25
 14108 | Lair:1   | Entered Level 1 of the Lair of Beasts
 14118 | Lair:1   | Reached skill level 1 in Long Blades
 14386 | Lair:1   | Received a gift from Nemelex Xobeh
 14500 | Lair:1   | Reached skill level 5 in Long Blades
 15159 | Lair:1   | Reached skill level 1 in Shields
 15393 | Lair:2   | Reached XP level 14. HP: 101/101 MP: 26/26
 15525 | Lair:2   | Found a staircase to the Snake Pit.
 15929 | Lair:2   | Received a gift from Nemelex Xobeh
 16129 | Lair:2   | Learned a level 2 spell: Call Imp
 16488 | Lair:2   | Found a staircase to the Swamp.
 16805 | Lair:3   | Received a gift from Nemelex Xobeh
 17130 | Lair:3   | Received a gift from Nemelex Xobeh
 17318 | Lair:3   | Reached skill level 11 in Invocations
 17669 | Lair:4   | Reached ****** piety under Nemelex Xobeh
 17778 | Lair:4   | Received a gift from Nemelex Xobeh
 18036 | Lair:4   | Reached skill level 12 in Invocations
 18532 | Lair:4   | Reached skill level 5 in Shields
 18791 | Lair:4   | Received a gift from Nemelex Xobeh
 19007 | Lair:5   | Entered Level 5 of the Lair of Beasts
 19012 | Lair:5   | Identified the -1 hand axe of the Skies Above {freeze,
                  | Contam Str+5 SInv}
 19029 | Lair:5   | HP: 1/103 [ice dragon (6)]
 19036 | Lair:5   | Found a staircase to the Slime Pits.
 19187 | Lair:5   | Reached skill level 13 in Invocations
 19330 | Lair:5   | Reached XP level 15. HP: 108/108 MP: 27/27
 19333 | Lair:5   | Learned a level 2 spell: Blink
 19362 | Lair:5   | Reached skill level 1 in Translocations
 19376 | Lair:5   | Identified the +4 rapier "Pac Agie" {drain, rCorr}
 19385 | Lair:5   | Killed from afar by a meliai

Illustrated notes

Levels and vault maps discovered:
D:1:      lemuel_arrival_river_passageway, layout_loops_ring,
          ebering_ecumenical_altar_webs, chequers_serial_rivers_small_3
D:2:      layout_basic, serial_park_tiny_2, st_stairs_7, uniq_terence
D:3:      layout_loops_ring, nicolae_kikubaaqudgha_miasma_corner,
          vehumet_altar_wand_db, kennysheep_slug_shrine, grunt_decor_resistance
D:4:      layout_basic, fedhas_altar_2, lightli_temple_of_fire, st_stairs_1,
          chequers_garden, sigmund_army
D:5:      layout_basic, lemuel_round_altar, grunt_gozag_statues,
          minmay_temple_entry_stoned_glass, dreamdust_princess_bridge
D:6:      minmay_diamond_boxcup, layout_loops_ring, cheibrodos_ashenzari_chains,
          lemuel_crystal_altar
D:7:      layout_basic, eat_drink_and_be_merry_uskayaw, old_standard_altar,
          grunt_dithmenos_smoke, grunt_decor_mini_mirrors
D:8:      layout_basic, lightli_ossuary_entry_decrepit_ruins,
          hangedman_abyss_or_decor_lesser_grid
D:9:      layout_cave_pools, hangedman_minor_magic
D:10:     layout_long_grid, mainiacjoe_overflow_surrounded_room,
          lemuel_crystal_altar
D:11:     layout_basic, lair_entry_dummy
D:12:     layout_basic, orc_0_dummy, minivault_25_ag, kennysheep_generic_room_13
D:13:     layout_cave_pools, serial_undead, serial_undead_f, serial_undead_c,
          serial_undead_d, serial_undead_a, portal_ice_cave_entry_ice_simulacra
Lair:1:   kb_forest_paths, layout_long_grid, serial_bayou_ford_a
Lair:2:   layout_loops_ring, palyth_hydra_swamp_entry,
          guppyfry_snake_entry_island, grunt_megastairs_2, serial_bayou_shore_a
Lair:3:   layout_roguey, kilobyte_rumbling_trees
Lair:4:   nzn_winding_woodlands_three_and_one
          [nzn_winding_woodlands_5x15_zeroes, nzn_winding_woodlands_5x15_eye,
          nzn_winding_woodlands_5x15_river_crossing,
          nzn_winding_woodlands_center_lodge], layout_regular_city, minivault_11
Lair:5:   minmay_lair_end_frog_pond, layout_cave_shapes, slime_entry_1,
          serial_bayou_lake_a, infiniplex_staircase_pool_2

Skill      XL: |  1  2  3  4  5  6  7  8  9 10 11 12 13 14 15 |
---------------+----------------------------------------------+-----
Fighting       | 1 2 3 5 6 8 10 11 12 | 12.0
Stealth        | 3 4 5 6 7 |  7.0
Dodging        | 3 5 7 8 |  8.0
Short Blades   | 1 2 4 5 6 |  6.0
Spellcasting   | 3 4 7 8 |  8.0
Invocations    | 3 4 6 7 8 10 13 | 13.3
Fire Magic     | 5 6 7 |  7.0
Hexes          | 2 |  2.0
Evocations     | 5 6 8 9 |  9.0
Air Magic      | 2 3 |  3.0
Poison Magic   | 2 3 |  3.0
Conjurations   | 2 |  2.0
Long Blades    | 6 |  6.9
Shields        | 2 6 |  6.0
Translocations | 3 |  3.0
Necromancy     | |  0.8

Action                   |  1- 3 |  4- 6 |  7- 9 | 10-12 | 13-15 || total
-------------------------+-------+-------+-------+-------+-------++-------
Melee: Unarmed           |     3 |       |       |       |       ||     3
       Dagger            |    23 |   102 |   103 |   207 |     8 ||   443
       Constrict         |     6 |    20 |    20 |    36 |    70 ||   152
       Tentacles         |     4 |    26 |    33 |    51 |   134 ||   248
       Punch             |       |     2 |     5 |     9 |     4 ||    20
       Demon blade       |       |       |       |       |   393 ||   393
 Cast: Foxfire           |    42 |    15 |    28 |    67 |     6 ||   158
       Scorch            |     4 |    14 |    35 |    71 |    43 ||   167
       Inner Flame       |       |     1 |    11 |    25 |    33 ||    70
       Mephitic Cloud    |       |       |       |    10 |     7 ||    17
       Flame Wave        |       |       |       |     1 |    15 ||    16
       Call Imp          |       |       |       |       |    10 ||    10
       Swiftness         |       |       |       |       |     1 ||     1
Invok: Draw Summoning    |     1 |     2 |     1 |       |     4 ||     8
       Draw Destruction  |       |     3 |    11 |     5 |    19 ||    38
       Deal Four         |       |       |     1 |     2 |     8 ||    11
       Draw Escape       |       |       |       |       |     3 ||     3
Evoke: Wand              |       |       |     6 |    10 |     5 ||    21
       Phantom mirror    |       |       |       |       |     2 ||     2
  Use: Scroll            |       |     1 |    12 |    13 |    14 ||    40
       Potion            |       |     1 |     1 |       |     5 ||     7
 Stab: Sleeping          |     3 |    12 |     3 |    13 |    15 ||    46
       Distracted        |       |       |     1 |       |       ||     1
       Petrifying        |       |       |     1 |       |       ||     1
       Confused          |       |       |       |     3 |     5 ||     8
       Paralysed         |       |       |       |       |     1 ||     1
Armor: Skin              |       |     5 |     7 |    22 |    63 ||    97
Dodge: Dodged            |    17 |    71 |    95 |   213 |   499 ||   895
Block: Buckler           |       |       |       |       |    83 ||    83
